 Dungeon Crawl Stone Soup version 0.29.1-1-gd02db6906a (webtiles) character file.

Game seed: 3958454182381464379

7 Huetiris the Insei (level 1, 0/15 HPs)
             Began as a Demigod Transmuter on Sept 30, 2022.
             Slain by a bat (1 damage)
             ... on level 1 of the Dungeon.
             The game lasted 00:02:21 (173 turns).

Huetiris the Insei (Demigod Transmuter)              Turns: 173, Time: 00:02:22

Health: 0/15       AC: 10    Str: 11    XL:     1   Next: 66%
Magic:  5/5        EV: 12    Int: 15    God:
Gold:   12         SH:  0    Dex: 14    Spells: 2/3 levels left

rFire   . . .      SeeInvis .   e - +0 whip
rCold   . . .      Faith    .   (no shield)
rNeg    . . .      Spirit   .   a - +0 robe
rPois   .          Reflect  .   (no helmet)
rElec   .          Harm     .   (no cloak)
rCorr   .          Rampage  .   (no gloves)
Will    .....                   (no boots)
Stlth   +.........              (no amulet)
HPRegen 0.05/turn               d - +4 ring of protection
MPRegen 0.09/turn               g - +4 ring of protection

@: no status effects
A: high MP 1, forlorn, divine attributes
a: no special abilities


You were on level 1 of the Dungeon.
You visited 1 branch of the dungeon, and saw 1 of its levels.

You collected 12 gold pieces.

Inventory:

Hand Weapons
 e - a +0 whip (weapon)
Missiles
 f - 5 stones
Armour
 a - a +0 robe (worn)
 c - a +0 leather armour
Jewellery
 d - a +4 ring of protection (left hand)
 g - a +4 ring of protection (right hand)
Potions
 b - a potion of lignification


   Skills:
 + Level 0.8 Fighting
 + Level 1.9 Dodging
 + Level 2.9 Unarmed Combat
 + Level 1.8 Spellcasting
 + Level 2.0 Transmutations


You had 2 spell levels left.
You knew the following spells:

 Your Spells              Type           Power      Damage    Failure   Level
a - Beastly Appendage     Tmut           14%        N/A       10%         1

Your spell library contained the following spells:

 Spells                   Type           Power      Damage    Failure   Level
 Wereblood                Tmut           7%         N/A       16%         2
 Spider Form              Tmut/Pois      4%         N/A       41%         3
 Ice Form                 Ice/Tmut       4%         N/A       83%         4


Dungeon Overview and Level Annotations

Branches:
Dungeon (1/15)


Innate Abilities, Weirdness & Mutations

You have an increased reservoir of magic. (+10% MP)
You shall have no god before yourself.
Your divine heritage dramatically boosts your attributes as you level up.


Message History

You hit the bat but do no damage. The bat hits you but does no damage.
You hit the bat but do no damage. The bat hits you but does no damage. x2
The bat hits you but does no damage.
You hit the bat but do no damage. The bat completely misses you.
The bat hits you but does no damage.
You closely miss the bat. The bat hits you but does no damage.
The quokka twitches its whiskers.
The bat misses you. The quokka misses you.
You closely miss the bat. The bat hits you but does no damage.
The bat closely misses you.
The quokka bites you but does no damage.
The bat hits you but does no damage. The bat hits you but does no damage.
The quokka bites you but does no damage.
You hit the quokka.
The quokka is moderately wounded.
The bat closely misses you. The bat hits you but does no damage.
The quokka barely misses you. The quokka bites you.
You miss the quokka.
The quokka is moderately wounded.
The bat hits you. The bat hits you but does no damage.
The quokka closely misses you.
You hit the quokka but do no damage.
The quokka is moderately wounded.
The bat hits you but does no damage. x2; The bat misses you.
The quokka bites you.
* * * LOW HITPOINT WARNING * * *
The bat hits you but does no damage.
You barely miss the quokka.
The quokka is moderately wounded.
The bat hits you.
* * * LOW HITPOINT WARNING * * *
The quokka closely misses you. The bat barely misses you.
You hit the quokka.
You kill the quokka!
The bat closely misses you. The bat hits you.
* * * LOW HITPOINT WARNING * * *
Your Transmutations skill increases to level 2!
The bat misses you. The bat hits you.
You die...

###.. ..###..# #.∩..
......# .. ###.. #..#..
..# #... .....#..# #.###.
#..#...# #.#.∩. #..#...#
#.###. ##.b#...# #.##..
#?.@..# #.##.. #..b..#
#.##.. #....## #.##..
###.## #####..∩..
######.#######.....##..
#....†..............##.
#♣♣.♣...†..#########.####
♣♣P..P♣##...# #.# ♣...P♣♣
##..###### ...


You could see 2 bats.

Vanquished Creatures
  A hobgoblin (D:1)
  A kobold (D:1)
  2 quokkas (D:1)
  A bat (D:1)
  A frilled lizard (D:1)
6 creatures vanquished.

Notes
Turn   | Place    | Note
-------+----------+-------------------------------------------
     0 | D:1      | Huetiris the Demigod Transmuter began the quest for the
                  | Orb.
     0 | D:1      | Reached XP level 1. HP: 15/15 MP: 5/5
   173 | D:1      | Slain by a bat

Illustrated notes

Levels and vault maps discovered:
D:1:      nzn_arrival_settlement, layout_rooms, serial_forest,
          infiniplex_forest_lined_3_way, infiniplex_forest_diagonal,
          infiniplex_forest_clump_small, infiniplex_forest_straight_2,
          infiniplex_forest_straight_1, infiniplex_forest_clump_long,
          infiniplex_forest_clump_small, infiniplex_forest_lined_3,
          serial_bayou_lagoon_a, grunt_decor_junction,
          chequers_serial_rivers_small_a

Skill      XL: |  1 |
---------------+----+-----
Transmutations | 2 |  2.0
Fighting       | |  0.8
Dodging        | |  1.9
Unarmed Combat | |  2.9
Spellcasting   | |  1.8

Action                   || total
-------------------------++-------
Melee: Unarmed           ||    33
       Whip              ||    12
       Punch             ||     1
Armor: Robe              ||    53
Dodge: Dodged            ||    64
